 Dungeon Crawl Stone Soup version 0.28-a0-695-gff097466f2 (webtiles) character file.

Game seed: 13273648028621216709

196 gearnest the Chopper (level 5, -1/47 HPs)
             Began as a Hill Orc Monk on Oct 22, 2021.
             Was an Elder of Lugonu.
             Splashed by a jelly's acid (5 damage)
             ... on level 4 of the Dungeon.
             The game lasted 00:13:48 (4160 turns).

gearnest the Chopper (Hill Orc Monk)                Turns: 4160, Time: 00:13:50

Health: -1/47      AC: -6    Str: 15    XL:     5   Next: 74%
Magic:  5/5        EV: 13    Int: 10    God:    Lugonu [****..]
Gold:   37         SH:  0    Dex: 13    Spells: 4/4 levels left

rFire   . . .      SeeInvis .   a - +0 hand axe
rCold   . . .      Faith    .   (no shield)
rNeg    . . .      Spirit   .   b - +0 robe
rPois   .          Reflect  .   (no helmet)
rElec   .          Harm     .   (no cloak)
rCorr   .          Rampage  .   (no gloves)
Will    .....                   (no boots)
Stlth   ++........              (no amulet)
HPRegen 0.15/turn               (no ring)
MPRegen 0.09/turn               (no ring)

@: corroded
A: no striking features
a: Renounce Religion, Depart the Abyss, Bend Space, Banish, Corrupt


You were on level 4 of the Dungeon.
You worshipped Lugonu.
Lugonu was greatly pleased with you.
You visited 1 branch of the dungeon, and saw 4 of its levels.

You collected 103 gold pieces.
You spent 66 gold pieces at shops.

Inventory:

Hand Weapons
 a - a +0 hand axe (weapon)
Armour
 b - a +0 robe (worn)
Wands
 j - a wand of polymorph (5)
Scrolls
 d - a scroll of noise {unknown}
 e - a scroll of blinking {unknown}
 f - 2 scrolls of acquirement {unknown}
 h - a scroll of enchant weapon {unknown}
 l - a scroll of teleportation {unknown}
 m - a scroll of enchant armour {unknown}
 p - a scroll of torment {unknown}
 q - a scroll of identify {unknown}
Potions
 c - a potion of lignification {unknown}
 g - 2 potions of heal wounds {unknown}
 i - a potion of attraction {unknown}
 k - a potion of flight
 n - a potion of degeneration {unknown}
 o - a potion of resistance {unknown}


   Skills:
 + Level 4.8 Fighting
 + Level 6.0 Axes
 + Level 3.2 Dodging
 + Level 2.3 Stealth
 + Level 0.1 Unarmed Combat


You had 4 spell levels left.
You didn't know any spells.
Your spell library was empty.

Dungeon Overview and Level Annotations

Branches:
Dungeon (4/15)             Temple (0/1) D:4

Altars:
Xom
Lugonu

Shops:
D:3 :!

Annotations:
D:3 Sigmund, Terence


Message History

p - a scroll labelled JELINW YCEDOOV
Found a pair of gloves.
Found 11 poisoned darts.
Found a stone staircase leading down.
You see here a +0 pair of gloves.
A jelly comes into view.
You see here a scroll labelled TOIGOA LASHRI.
The jelly quivers.
You see here a scroll labelled TOIGOA LASHRI.
q - a scroll labelled TOIGOA LASHRI
Found 2 potions of curing and a kite shield.
You hit the jelly but do no damage.
Your hands burn!
The jelly hits you.
You are splashed with acid!
You hit the jelly.
Your hands burn!
The jelly is lightly wounded.
The jelly hits you.
You are splashed with acid!
You are too injured to fight recklessly!
You are too injured to fight recklessly!
You are too injured to fight recklessly!
You are too injured to fight recklessly!
You are too injured to fight recklessly!
You hit the jelly.
Your hands burn!
The jelly is moderately wounded.
The jelly misses you.
You hit the jelly. The acid corrodes you!
Your hands burn!
The jelly is moderately wounded.
The jelly closely misses you.
You hit the jelly.
Your hands burn!
The jelly is heavily wounded.
The jelly closely misses you.
You barely miss the jelly.
The jelly is heavily wounded.
The jelly hits you. The acid corrodes you!
You are splashed with acid.
* * * LOW HITPOINT WARNING * * *
You hit the jelly.
Your hands burn!
* * * LOW HITPOINT WARNING * * *
The jelly is heavily wounded.
The jelly hits you.
* * * LOW HITPOINT WARNING * * *
You are splashed with acid.
You die...

.... ##..##...#......#
..#.# .# .#.>###.#(#
..#.# . ##.......# ...<
.. #...##....## ..#.
###.# # #.##...## #...
#.##...# ... #.#....#
#### #.##.#.###......#
...####.##......@..##.#
#........##...#.J###
... #....<............
.....
#........##.......#
......
............#.....!
.....
.........#####.##...
.... #........# .. [..
######.### ... .... #.#


You could see a jelly.

Vanquished Creatures
  A bullfrog zombie (D:4)
  A jelly (D:4)
  Ijyb (D:3)
  A howler monkey skeleton (D:4)
  3 adders
  An adder skeleton (D:4)
  A worm (D:4)
  5 dart slugs
  4 bats
  2 endoplasms
  2 giant cockroaches
  7 goblins
  5 hobgoblins
  3 jackals (D:4)
  5 quokkas
  6 ball pythons
  2 frilled lizards (D:3)
  6 kobolds
  8 rats
64 creatures vanquished.

Notes
Turn   | Place    | Note
-------+----------+-------------------------------------------
     0 | D:1      | gearnest the Hill Orc Monk began the quest for the Orb.
     0 | D:1      | Reached XP level 1. HP: 19/19 MP: 1/1
    67 | D:1      | Reached XP level 2. HP: 15/27 MP: 2/2
  1023 | D:1      | Reached XP level 3. HP: 33/33 MP: 3/3
  1897 | D:2      | Found a faded altar of an unknown god.
  2309 | D:2      | Prayed at the altar of an unknown god.
  2309 | D:2      | Became a worshipper of Lugonu the Unformed
  2309 | D:2      | Reached * piety under Lugonu
  2309 | D:2      | Reached ** piety under Lugonu
  2309 | D:2      | Reached *** piety under Lugonu
  2456 | D:2      | Reached skill level 5 in Axes
  2456 | D:2      | Reached XP level 4. HP: 24/40 MP: 4/4
  2969 | D:3      | Found a shimmering altar of Xom.
  2970 | D:3      | Found a shimmering altar of Xom.
  3000 | D:3      | Noticed Ijyb
  3011 | D:3      | Killed Ijyb
  3056 | D:3      | Reached **** piety under Lugonu
  3153 | D:3      | Found Ziffae's Book Shop.
  3156 | D:3      | Noticed Terence
  3307 | D:3      | Found Vynk's Distillery.
  3308 | D:3      | Noticed Sigmund
  3313 | D:3      | Bought a potion of flight for 33 gold pieces
  3313 | D:3      | Bought a potion of curing for 33 gold pieces
  3437 | D:4      | Found a staircase to the Ecumenical Temple.
  3460 | D:4      | Reached XP level 5. HP: 28/47 MP: 5/5
  3969 | D:4      | Reached skill level 6 in Axes
  4160 | D:4      | Splashed by a jelly's acid

Illustrated notes

Levels and vault maps discovered:
D:1:      minmay_arrival_four_houses, layout_basic
D:2:      layout_loops_cross, hellmonk_ecumenical_altar_crossroads
D:3:      layout_basic, mainiacjoe_overflow_divided_tiny, xom_redecorated,
          old_standard_altar, serial_shops, nicolae_shop_trees, shop_statue,
          nicolae_shop_temple_entry_statues_fountains, shop,
          wad_floor_pattern_1, st_stairs_2, uniq_sigmund, uniq_terence,
          uniq_ijyb
D:4:      layout_rooms, mainiacjoe_overflow_six_doors_small,
          minmay_temple_entry_large_hall

Skill      XL: |  1  2  3  4  5 |
---------------+----------------+-----
Fighting       | 4 |  4.8
Stealth        | 2 |  2.3
Axes           | 5 6 |  6.0
Dodging        | 3 |  3.2
Unarmed Combat | |  0.1

Action                   |  1- 3 |  4- 6 || total
-------------------------+-------+-------++-------
Melee: Hand axe          |   113 |   124 ||   237
       Unarmed           |       |     9 ||     9
  Use: Potion            |       |     3 ||     3
 Stab: Sleeping          |     2 |     2 ||     4
Armor: Robe              |    20 |    21 ||    41
       Skin              |       |     1 ||     1
Dodge: Dodged            |    73 |    77 ||   150

Table legend: (Time is in decaauts)
 A = Elapsed time spent in this place.
 B = Non-inter-level travel time spent in this place.
 C = Inter-level travel time spent in this place.
 D = Time resting spent in this place.
 E = Time spent auto-exploring this place.
 F = Levels seen in this place.
 G = Mean time per level.
                   A        B        C        D        E       F      G
               +--------+--------+--------+--------+--------+-----+--------+
         Total |   4171 |   4100 |     71 |   1116 |   1958 |   4 | 1042.8 |
       Dungeon |   4171 |   4100 |     71 |   1116 |   1958 |   4 | 1042.8 |
               +--------+--------+--------+--------+--------+-----+--------+

Top non-repeatable levels by time:
     D:1: 1647 daAuts
     D:2: 1279 daAuts
     D:4: 815 daAuts
     D:3: 428 daAuts
